 Dungeon Crawl Stone Soup version 0.19.0-17-g07987d3 (webtiles) character file.

26 Larett the Chopper (level 2, -4/26 HPs)
             Began as a Minotaur Berserker on Nov 10, 2016.
             Was a Follower of Trog.
             Slain by Sigmund
             ... wielding a +0 scythe
              (10 damage)
             ... on level 2 of the Dungeon.
             The game lasted 00:01:30 (505 turns).

Larett the Chopper (Minotaur Berserker)              Turns: 505, Time: 00:01:30

Health: -4/26      AC:  2    Str: 21    XL:     2   Next: 89%
Magic:  1/1        EV: 12    Int:  6    God:    Trog [*.....]
Gold:   21         SH:  0    Dex:  9    Spells: 0 memorised, 1 level left

rFire  . . .     SeeInvis .     a - +0 hand axe
rCold  . . .     Gourm    .     b - +0 animal skin
rNeg   . . .     Faith    .     (no shield)
rPois  .         Spirit   .     (helmet restricted)
rElec  .         Reflect  .     (no cloak)
rCorr  .         Harm     .     (no gloves)
MR     .....                    (no boots)
Stlth  +.........               (no amulet)
                                (no ring)
                                (no ring)

@: confused
A: retaliatory headbutt, horns 2, large bone plates 1, clever 1, wild magic 1
a: Berserk, Burn Spellbooks, Renounce Religion


You were on level 2 of the Dungeon.
You worshipped Trog.
Trog was aware of your devotion.
You were not hungry.

You visited 1 branch of the dungeon, and saw 2 of its levels.

You collected 21 gold pieces.

Inventory:

Hand Weapons
 a - a +0 hand axe (weapon)
 d - a +0 hunting sling
Missiles
 e - 15 sling bullets
 h - 18 poisoned needles
Armour
 b - a +0 animal skin (worn)
Scrolls
 g - a scroll of enchant armour {unknown}
Comestibles
 c - 2 bread rations


   Skills:
 - Level 3.6 Fighting
 + Level 5.0 Axes
 - Level 2.4 Armour
 - Level 2.1 Dodging


You had one spell level left.
You didn't know any spells.

Dungeon Overview and Level Annotations

Branches:
Dungeon (2/15)

Altars:

Annotations:
D:2 Sigmund


Innate Abilities, Weirdness & Mutations

You reflexively headbutt those who attack you in melee.
You have a pair of horns on your head.
You are partially covered in large bone plates. (SH +4)
Your mind is acute. (Int +2)
Your spells are a little harder to cast, but a little more powerful.


Message History

You're too confused!
Wield which item (- for none, * to show all)? (? for menu, Esc to quit)
Okay, then.
You're too confused!
You bump into the rock wall.
Sigmund hits you with a scythe!
* * * LOW HITPOINT WARNING * * *
A goblin comes into view. It is wielding a dagger.
You bump into the rock wall.
A kobold comes into view. It is wielding a short sword.
You bump into the rock wall.
The kobold shouts!
Sigmund hits you with a scythe!
* * * LOW HITPOINT WARNING * * *
You barely miss Sigmund.
Sigmund is moderately wounded.
Sigmund looks at you with fury.
Sigmund points at you and mumbles some strange words.
You resist with significant effort.
You're too confused to move!
Sigmund hits you with a scythe!
You die...

# ### ##. ..#
.##...##########.#
..K..g@H......##.#
..#...#######.##.#
##. #####.##.# #
####........##
#............#
#.##.###รท###.#
#.##.# #.# #.#
#.##.# #.# #.#
#.##.###.###.#


You could see Sigmund, a goblin and a kobold.

Vanquished Creatures
  Robin (D:2)
  A worm (D:2)
  7 goblins (D:2)
  2 hobgoblins
  A rat (D:2)
12 creatures vanquished.

Notes
Turn   | Place    | Note
-------+----------+-------------------------------------------
     0 | D:1      | Larett the Minotaur Berserker began the quest for the Orb.
     0 | D:1      | Reached XP level 1. HP: 19/19 MP: 0/0
   112 | D:2      | Reached skill level 4 in Axes
   114 | D:2      | Noticed Robin
   134 | D:2      | Reached XP level 2. HP: 23/26 MP: 1/1
   142 | D:2      | HP: 4/26 [Robin/club (5)]
   144 | D:2      | Gained mutation: Your spells are a little harder to cast, but a little more powerful. [potion of mutation]
   144 | D:2      | Gained mutation: You are partially covered in large bone plates. (SH +4) [potion of mutation]
   144 | D:2      | Gained mutation: Your mind is acute. (Int +2) [potion of mutation]
   144 | D:2      | HP: 1/26 [Robin/club (3)]
   146 | D:2      | Killed Robin
   146 | D:2      | Reached skill level 5 in Axes
   494 | D:2      | Noticed Sigmund
   505 | D:2      | Slain by Sigmund

Skill      XL: |  1  2 |
---------------+-------+-----
Axes           | 4 5 |  5.0
Fighting       | |  3.6
Armour         | |  2.4
Dodging        | |  2.1

Action                   || total
-------------------------++-------
Melee: Hand axe          ||    22
       Headbutt          ||     6
Invok: Berserk           ||     1
  Use: Potion            ||     1
Armor: Animal skin       ||     6
Dodge: Dodged            ||    16
Block: Other             ||     1
